 Dungeon Crawl Stone Soup version 0.27.1-34-g3ba077fa99 (webtiles) character file.

Game seed: 16831127700522663271

14717 melkoren the Grappler (level 11, -1/113 HPs)
             Began as a Troll Monk on Jan 15, 2022.
             Was an Initiate of Gozag.
             Slain by a seven-headed hydra (15 damage)
             ... on level 1 of the Lair of Beasts on Jan 16, 2022.
             The game lasted 01:07:12 (11157 turns).

melkoren the Grappler (Troll Monk)                 Turns: 11157, Time: 01:07:13

Health: -1/113     AC:  6    Str: 21    XL:     11   Next: 92%
Magic:  10/10      EV: 14    Int:  6    God:    Gozag
Gold:   803        SH:  0    Dex: 15    Spells: 10/10 levels left

rFire    . . .     SeeInvis .   n - +2 quarterstaff (chaos)
rCold    + . .     Faith    .   (shield currently unavailable)
rNeg     + . .     Spirit   .   l - +0 robe of Jesatweq {Regen+}
rPois    .         Reflect  .   (helmet restricted)
rElec    .         Harm     .   B - +1 cloak
rCorr    .         Rampage  .   (gloves unavailable)
Will     .....                  (boots unavailable)
Stlth    ++........             (no amulet)
HPRegen  2.28/turn              N - ring of positive energy
MPRegen  0.12/turn              c - ring of protection from cold

@: no status effects
A: large, unfitting armour, claws 3, regeneration 1, shaggy fur 1, tough skin 1,
horns 1, mutation resistance 2
a: Renounce Religion, Potion Petition, Call Merchant, Bribe Branch


You were on level 1 of the Lair of Beasts.
You worshipped Gozag.
Gozag was pleased with you.
You visited 2 branches of the dungeon, and saw 12 of its levels.
You also visited: Ossuary.

You collected 2419 gold pieces.
You spent 306 gold pieces at shops.
You paid 1310 gold pieces to Gozag.


Innate Abilities, Weirdness & Mutations

You are too large for most types of armour.
You have claws for hands.
Your natural rate of healing is unusually fast.
You are covered in fur. (AC +1)
You have tough skin. (AC +1)
You have a pair of small horns on your head.
You are somewhat resistant to both further mutation and mutation removal.


   Skills:
 - Level 8.9 Fighting
 + Level 0.3 Staves
 - Level 9.0 Dodging
 - Level 2.0 Stealth
 - Level 13.0 Unarmed Combat


You had 10 spell levels left.
You didn't know any spells.
Your spell library contained the following spells:

 Spells                   Type           Power      Damage    Failure   Level
 Magic Dart               Conj           0%         1d3       45%         1
 Blink                    Tloc           N/A        N/A       58%         2
 Call Imp                 Summ           0%         N/A       58%         2
 Searing Ray              Conj           0%         3d3       58%         2
 Gell's Gravitas          Tloc           0%         N/A       83%         3
 Lesser Beckoning         Tloc           0%         N/A       83%         3
 Mephitic Cloud           Conj/Pois/Air  0%         N/A       83%         3
 Teleport Other           Tloc           0%         N/A       83%         3
 Tukima's Dance           Hex            0%         N/A       83%         3
 Fulminant Prism          Conj/Hex       0%         3d6       99%         4
 Passage of Golubria      Tloc           N/A        N/A       99%         4
 Petrify                  Tmut/Erth      0%         N/A       99%         4
 Manifold Assault         Tloc           0%         N/A       100%        5
 Metabolic Englaciation   Hex/Ice        0%         N/A       100%        5
 Silence                  Hex/Air        0%         N/A       100%        5
 Yara's Violent Unravell  Hex/Tmut       0%         3d3       100%        5
 Dispersal                Tloc           0%         N/A       100%        6
 Statue Form              Tmut/Erth      0%         N/A       100%        6
 Borgnjor's Revivificati  Necr           0%         N/A       100%        8
 Lehudib's Crystal Spear  Conj/Erth      0%         10d2      100%        8
 Necromutation            Tmut/Necr      0%         N/A       100%        8
 Death's Door             Necr           0%         N/A       100%        9

Inventory:

Hand Weapons
 n - a +2 quarterstaff of chaos (weapon)
   (You took it off Crazy Yiuf on level 5 of the Dungeon)
Missiles
 b - 97 sling bullets
 k - 9 boomerangs
 m - 2 throwing nets {=f!f}
 o - 35 poisoned darts (quivered)
 p - 194 arrows
 q - 97 bolts
 t - 371 stones
Armour
 a - a +2 robe
 l - the +0 robe of Jesatweq (worn) {Regen+}
   (You bought it in a shop on level 6 of the Dungeon)

   Regen:     It increases your rate of health regeneration.
 r - a +1 pair of gloves
   (You found it on level 5 of the Dungeon)
 A - a +0 cloak
   (You took it off Crazy Yiuf on level 5 of the Dungeon)
 B - a +1 cloak (worn)
   (You found it on level 10 of the Dungeon)
 E - the +1 robe "Locuc" {Drain rF- Dex+8 Archmagi}
   (You bought it in a shop on level 10 of the Dungeon)

   Dex:       It affects your dexterity (+8).
   rF:        It makes you vulnerable to fire.
   Drain:     It drains your maximum health when unequipped.
   Archmagi:  It increases the power of your magical spells.
Magical Staves
 f - a staff of cold {!a}
   (You took it off a goblin on level 1 of the Dungeon)
Jewellery
 c - a ring of protection from cold (right claw)
   (You found it on level 7 of the Dungeon)
 C - a ring of protection from cold
   (You found it on level 5 of the Dungeon)
 N - a ring of positive energy (left claw)
   (You found it on level 6 of the Dungeon)
Wands
 d - a wand of digging (21)
   (You took it off Joseph on level 7 of the Dungeon)
 h - a wand of flame (29)
   (You found it on level 1 of the Lair of Beasts)
 z - a wand of polymorph (9)
   (You found it on level 5 of the Dungeon)
Scrolls
 e - a scroll of torment {!r}
 i - a scroll of identify {@r1}
 s - 2 scrolls of vulnerability {!r!r}
 v - 3 scrolls of immolation {!r!r}
 y - a scroll of holy word
Potions
 g - a potion of mutation {!q}
 j - 3 potions of brilliance
 w - 3 potions of curing {@q1}
 D - a potion of magic

Dungeon Overview and Level Annotations

Branches:
Dungeon (11/15)            Temple (0/1) D:7            Lair (1/6) D:11
    Orc (0/2) D:9         Ossuary (visited)

Altars:
Ashenzari
Fedhas
Gozag
Makhleb
Qazlal
Wu Jian
Yredelemnul

Shops:
D:6 [   D:8 ( D:10

[ ..... #. #.. .....
##. $ .#.. .>..#
#####.. ..#
#P.###P##.#. ..#
#.......... #.#
#.......... #.#
#.......... (.#####.##
#.......... .(.(((D@.##
##..##.###.#
....≈.≈≈..###...####
### ..≈≈≈≈≈≈≈.≈≈##..#
..≈≈≈≈≈≈≈≈≈.##..#
..≈≈≈≈≈≈≈≈≈.....#
..≈≈≈≈.≈≈≈≈≈....#
.≈≈≈≈.>≈≈≈≈≈....#
#≈≈≈≈≈≈≈≈≈≈.....#
######
.≈≈≈≈≈≈≈≈≈.....###.##.#


You could see a seven-headed hydra.


Message History

The water moccasin misses you.
You mangle the water moccasin!!
Your headbutt misses the water moccasin.
The water moccasin barely misses you.
You mangle the water moccasin!!
You kill the water moccasin!
Training target 9.0 for Dodging reached!
Your Dodging skill increases to level 9!
You now have 791 gold pieces (gained 7).
p - 194 arrows (gained 16)
You open the door.
There is an open door here.
You pick up a book of Sloth and begin reading...
You add the spells Petrify, Metabolic Englaciation and Statue Form to your library.
Found 12 gold pieces.
Found a stone staircase leading down.
You now have 803 gold pieces (gained 12).
Found a stone staircase leading down.
You enter the shallow water.
Moving in this stuff is going to be slow.
Found a potion of invisibility.
A seven-headed hydra comes into view.
A seven-headed hydra is nearby!
Your +2 quarterstaff of chaos is briefly surrounded by a scintillating aura of random colours.
n - a +2 quarterstaff of chaos (weapon)
The seven-headed hydra roars!
Throw: 2 darts (curare) {=f}
Press: ? - help, Q - select action, (/) - cycle Shift-Dir - straight line, f - seven-headed hydra
Aim: a seven-headed hydra (80% to hit)
You throw a curare-tipped dart {=f}.
The curare-tipped dart {=f} hits the seven-headed hydra.
Throw: dart (curare) {=f}
Press: ? - help, Q - select action, (/) - cycle Shift-Dir - straight line, f/p - seven-headed hydra
Aim: a seven-headed hydra (80% to hit)
You throw a curare-tipped dart {=f}.
The curare-tipped dart {=f} hits the seven-headed hydra.
Throw: 9 boomerangs
Press: ? - help, Q - select action, (/) - cycle Shift-Dir - straight line, f/p - seven-headed hydra
Aim: a seven-headed hydra (80% to hit)
You throw a boomerang.
The boomerang barely misses the seven-headed hydra.
Okay, then.
Throw: 38 darts (poison)
Press: ? - help, Q - select action, (/) - cycle Shift-Dir - straight line, f/p - seven-headed hydra
Aim: a seven-headed hydra (80% to hit)
You throw a poisoned dart.
The poisoned dart hits the seven-headed hydra.
Throw: 37 darts (poison)
Press: ? - help, Q - select action, (/) - cycle Shift-Dir - straight line, f/p - seven-headed hydra
Aim: a seven-headed hydra (80% to hit)
You throw a poisoned dart.
The poisoned dart hits the seven-headed hydra.
Throw: 36 darts (poison)
Press: ? - help, Q - select action, (/) - cycle Shift-Dir - straight line, f/p - seven-headed hydra
Aim: a seven-headed hydra (80% to hit)
You throw a poisoned dart.
The poisoned dart hits the seven-headed hydra.
You thump the seven-headed hydra! The seven-headed hydra bites you!
The seven-headed hydra bites you. x2
The seven-headed hydra bites you but does no damage.
The seven-headed hydra misses you.
The seven-headed hydra barely misses you.
The seven-headed hydra bites you! x2; The seven-headed hydra misses you.
The seven-headed hydra bites you. The seven-headed hydra bites you!
* * * LOW HITPOINT WARNING * * *
The seven-headed hydra closely misses you.
The seven-headed hydra bites you.
* * * LOW HITPOINT WARNING * * *
The seven-headed hydra barely misses you. 😨 HP[-64]
You take 64 damage, and now have 49/113 hp.
MASSIVE DAMAGE!! (PAUSE)
You sock the seven-headed hydra! You freeze the seven-headed hydra.
The seven-headed hydra barely misses you. x2
The seven-headed hydra bites you!
* * * LOW HITPOINT WARNING * * *
The seven-headed hydra bites you.
* * * LOW HITPOINT WARNING * * *
The seven-headed hydra bites you!
* * * LOW HITPOINT WARNING * * *
The seven-headed hydra bites you!
* * * LOW HITPOINT WARNING * * *
The seven-headed hydra barely misses you. 😱 HP[-31]
You take 31 damage, and now have 18/113 hp.
MASSIVE DAMAGE!! (PAUSE)
Aiming: Throw Flame
Press: ? - help, Shift-Dir - straight line, f/p - seven-headed hydra
Aim: a seven-headed hydra (moderately wounded, 89% to hit)
The puff of flame hits the seven-headed hydra!
The seven-headed hydra bites you.
* * * LOW HITPOINT WARNING * * *
The seven-headed hydra bites you.
* * * LOW HITPOINT WARNING * * *
The seven-headed hydra barely misses you.
The seven-headed hydra bites you.
* * * LOW HITPOINT WARNING * * *
The seven-headed hydra bites you!
You die...
Your body crumbles into a pile of gold.

Skill      XL: |  1  2  3  4  5  6  7  8  9 10 11 |
---------------+----------------------------------+-----
Unarmed Combat | 4 5 6 7 9 10 11 13 | 13.0
Stealth        | 2 |  2.0
Fighting       | 3 4 5 6 7 8 |  8.9
Dodging        | 3 4 5 6 7 9 |  9.0
Staves         | |  0.3

Action                   |  1- 3 |  4- 6 |  7- 9 | 10-12 || total
-------------------------+-------+-------+-------+-------++-------
Melee: Unarmed           |   100 |   110 |   260 |   385 ||   855
       Punch             |       |     2 |    10 |    25 ||    37
       Headbutt          |       |       |    29 |    91 ||   120
       Quarterstaff      |       |       |       |     2 ||     2
       Staff             |       |       |       |     1 ||     1
Throw: Stone             |     3 |       |       |       ||     3
       Dart              |       |    11 |    31 |    25 ||    67
       Boomerang         |       |       |       |     1 ||     1
Invok: Call Merchant     |       |       |     1 |     1 ||     2
Evoke: Wand              |       |       |       |     7 ||     7
  Use: Scroll            |       |     5 |     6 |     9 ||    20
       Potion            |       |       |    11 |     3 ||    14
 Stab: Sleeping          |     5 |     2 |     1 |     2 ||    10
       Distracted        |       |       |     2 |     4 ||     6
Armor: Robe              |    30 |    16 |    52 |    51 ||   149
Dodge: Dodged            |    57 |    46 |   124 |   203 ||   430

Levels and vault maps discovered:
D:1:      dpeg_arrival_shrine, layout_loops_ring,
          hellmonk_ecumenical_altar_crossroads
D:2:      layout_basic
D:3:      layout_rooms, nicolae_ashenzari_skybound
D:4:      layout_basic
D:5:      layout_basic, nicolae_ossuary_entry_false_entrances,
          uniq_crazy_yiuf_cottage
D:6:      layout_basic
D:7:      layout_cave_pools, yredelemnul_altar_generic,
          minmay_temple_entry_trees, grunt_decor_one_mirror,
          hangedman_minor_gate_pass, uniq_joseph
D:8:      layout_layer_cave, serial_shops, shop, nicolae_water_bricks
D:9:      layout_basic, zombieorc2_lemuel, chequers_serial_rivers_room_b,
          minmay_misc_feat_columns
D:10:     layout_small_grid, grunt_temple_overflow_cloverleaf,
          chequers_serial_rivers_room_a
D:11:     kennysheep_ambush_hall, layout_loops_cross,
          due_lair_maze_entry_diamond, uniq_snorg
Lair:1:   layout_chaotic_city, infiniplex_staircase_pool_2

Notes
Turn   | Place    | Note
-------+----------+-------------------------------------------
     0 | D:1      | melkoren the Troll Monk began the quest for the Orb.
     0 | D:1      | Reached XP level 1. HP: 22/22 MP: 0/0
     0 | D:1      | magus.rc [v1.11.3]
    68 | D:1      | Reached XP level 2. HP: 29/29 MP: 1/1
   180 | D:1      | Found a faded altar of an unknown god.
   190 | D:1      | Became a worshipper of Gozag Ym Sagoz the Greedy
   384 | D:1      | Reached XP level 3. HP: 36/36 MP: 2/2
   555 | D:1      | You add the spells Gell's Gravitas, Teleport Other and
                  | Dispersal to your library.
   826 | D:2      | Reached skill level 4 in Unarmed Combat
   934 | D:2      | Reached skill level 2 in Stealth
   934 | D:2      | Reached XP level 4. HP: 29/44 MP: 3/3
  1281 | D:3      | You pick up a book of Spatial Translocations and begin
                  | reading...
  1281 | D:3      | You add the spells Blink, Lesser Beckoning and Manifold
                  | Assault to your library.
  1416 | D:3      | Found a broken altar of Ashenzari.
  1800 | D:4      | Reached XP level 5. HP: 47/50 MP: 4/4
  1842 | D:4      | Reached skill level 5 in Unarmed Combat
  2091 | D:4      | Noticed an ogre
  2106 | D:4      | Killed an ogre
  2107 | D:4      | Reached skill level 3 in Fighting
  2107 | D:4      | Reached skill level 3 in Dodging
  2107 | D:4      | Reached XP level 6. HP: 58/61 MP: 5/5
  2610 | D:5      | Entered Level 5 of the Dungeon
  2648 | D:5      | Reached skill level 6 in Unarmed Combat
  2682 | D:5      | Noticed an ice beast
  2698 | D:5      | Killed an ice beast
  2699 | D:5      | Reached XP level 7. HP: 48/67 MP: 6/6
  2899 | D:5      | Reached skill level 7 in Unarmed Combat
  2903 | D:5      | Reached skill level 4 in Dodging
  2948 | D:5      | Found a sand-covered staircase.
  2970 | D:5      | Reached skill level 4 in Fighting
  3010 | D:5      | Reached XP level 8. HP: 66/78 MP: 7/7
  3118 | Ossuary  | Entered an ossuary
  3238 | Ossuary  | magus.rc [v1.11.3]
  3751 | D:5      | Found a runed translucent door.
  3752 | D:5      | Noticed Crazy Yiuf
  3764 | D:5      | Killed Crazy Yiuf
  3765 | D:5      | Reached skill level 8 in Unarmed Combat
  3810 | D:5      | Gained mutation: You are somewhat resistant to further
                  | mutation. [potion of mutation]
  3810 | D:5      | Gained mutation: You are somewhat resistant to both further
                  | mutation and mutation removal. [potion of mutation]
  3810 | D:5      | Gained mutation: You have a pair of small horns on your
                  | head. [potion of mutation]
  4187 | D:6      | Reached skill level 5 in Dodging
  4225 | D:6      | Reached skill level 5 in Fighting
  4434 | D:6      | Reached skill level 9 in Unarmed Combat
  4460 | D:6      | Reached XP level 9. HP: 88/88 MP: 8/8
  4464 | D:6      | You pick up a book of Conjurations and begin reading...
  4464 | D:6      | You add the spells Magic Dart, Searing Ray and Fulminant
                  | Prism to your library.
  4900 | D:6      | Bought a smoking robe for 153 gold pieces
  4900 | D:6      | Identified the +0 robe of Jesatweq {Regen+} (You bought it
                  | in a shop on level 6 of the Dungeon)
  4928 | D:7      | Noticed Joseph
  4949 | D:7      | Killed Joseph
  5177 | D:7      | You add the spells Tukima's Dance, Passage of Golubria and
                  | Yara's Violent Unravelling to your library.
  5214 | D:7      | Reached skill level 10 in Unarmed Combat
  5250 | D:7      | Noticed a two-headed ogre
  5274 | D:6      | magus.rc [v1.11.3]
  5281 | D:6      | Killed a two-headed ogre
  5282 | D:6      | Reached skill level 6 in Fighting
  5282 | D:6      | Reached skill level 6 in Dodging
  5458 | D:7      | You add the spells Borgnjor's Revivification, Necromutation
                  | and Death's Door to your library.
  5614 | D:7      | Found a staircase to the Ecumenical Temple.
  5641 | D:7      | Found a basalt altar of Yredelemnul.
  5863 | D:8      | Reached XP level 10. HP: 44/98 MP: 9/9
  6398 | D:8      | Reached skill level 11 in Unarmed Combat
  6508 | D:8      | Found Poyv's Weapon Emporium.
  6783 | D:8      | You fall into a shaft and drop 1 floor!
  6785 | D:9      | Found a staircase to the Orcish Mines.
  7186 | D:8      | Noticed a two-headed ogre
  7200 | D:8      | Killed a two-headed ogre
  7201 | D:8      | Reached skill level 7 in Dodging
  7756 | D:9      | Reached skill level 7 in Fighting
  7899 | D:9      | You pick up a book of the Moon and begin reading...
  7899 | D:9      | You add the spells Silence and Lehudib's Crystal Spear to
                  | your library.
  8060 | D:9      | Noticed a two-headed ogre
  8072 | D:9      | Killed a two-headed ogre
  8198 | D:9      | Reached XP level 11. HP: 109/109 MP: 10/10
  8363 | D:9      | Reached skill level 12 in Unarmed Combat
  9000 | D:10     | Entered Level 10 of the Dungeon
  9088 | D:10     | Found a blossoming altar of Fedhas.
  9157 | D:10     | You pick up a book of Minor Magic and begin reading...
  9157 | D:10     | You add the spells Call Imp and Mephitic Cloud to your
                  | library.
  9413 | D:10     | Bought a tattered robe for 153 gold pieces
  9413 | D:10     | Identified the +1 robe "Locuc" {Drain rF- Dex+8 Archmagi}
                  | (You bought it in a shop on level 10 of the Dungeon)
  9432 | D:10     | Reached skill level 8 in Dodging
  9439 | D:10     | Reached skill level 8 in Fighting
  9645 | D:10     | Found a stormy altar of Qazlal.
  9648 | D:10     | Found an ornate altar of the Wu Jian Council.
  9655 | D:10     | Found a burning altar of Makhleb.
  9957 | D:11     | Noticed Snorg
  9958 | D:11     | magus.rc [v1.11.3]
  9978 | D:11     | HP: 27/111 [Snorg (9)]
  9980 | D:11     | Killed Snorg
  9984 | D:11     | HP: 19/111 [troll (16)]
 10099 | D:11     | Noticed a green ugly thing
 10100 | D:11     | Noticed a two-headed ogre
 10101 | D:11     | Noticed a two-headed ogre
 10103 | D:11     | Noticed a two-headed ogre
 10271 | D:11     | Noticed a two-headed ogre
 10293 | D:11     | Found a staircase to the Lair.
 10330 | D:11     | Killed a two-headed ogre
 10349 | Lair:1   | Entered Level 1 of the Lair of Beasts
 10399 | Lair:1   | HP: 13/113 [komodo dragon (25)]
 10547 | Lair:1   | Reached skill level 13 in Unarmed Combat
 11060 | Lair:1   | Reached skill level 9 in Dodging
 11095 | Lair:1   | You pick up a book of Sloth and begin reading...
 11095 | Lair:1   | You add the spells Petrify, Metabolic Englaciation and
                  | Statue Form to your library.
 11147 | Lair:1   | Noticed a seven-headed hydra
 11156 | Lair:1   | HP: 28/113 [seven-headed hydra (10)]
 11157 | Lair:1   | Slain by a seven-headed hydra

Vanquished Creatures
  Snorg (D:11)
  4 two-headed ogres
  A cyclops (D:11)
  Joseph (D:7)
  2 komodo dragons
  5 shadows
  3 wraiths
  2 wyverns (D:10)
  14 yaks
  A steam dragon (D:8)
  A two-headed ogre zombie (D:9)
  2 acid dragons
  6 water moccasins
  6 orc warriors
  4 black bears
  2 ice beasts
  3 centaurs
  3 ogres
  7 phantoms
  3 scorpions
  8 bullfrogs
  6 killer bees (D:8)
  4 troll zombies (D:9)
  4 howler monkeys
  An electric eel (D:8)
  5 centaur zombies
  4 hounds
  A jelly (D:4)
  Crazy Yiuf (D:5)
  3 human zombies (Ossuary)
  4 orc priests
  3 centaur skeletons
  2 bullfrog skeletons
  A gnoll shaman (D:8)
  12 orc wizards
  A scorpion zombie (D:5)
  2 iguanas
  2 killer bee zombies
  3 ogre zombies (D:9)
  5 mummies (Ossuary)
  11 gnolls
  4 adders
  A shadow imp (D:7)
  A white imp (D:7)
  2 dart slugs
  36 orcs
  3 bats (D:2)
  6 endoplasms
  2 giant cockroaches (D:1)
  5 goblins
  6 hobgoblins
  6 jackals (D:1)
  3 kobolds
  6 quokkas
  7 ball pythons
  6 frilled lizards
  A goblin skeleton (D:9)
  3 goblin zombies
  3 hobgoblin skeletons (D:9)
  7 hobgoblin zombies
  2 orc skeletons (D:9)
  12 orc zombies (D:9)
  7 rats
283 creatures vanquished.

Vanquished Creatures (others)
  44 fungi
  40 plants (D:11)
84 creatures vanquished.

Grand Total: 367 creatures vanquished

Table legend:
 A = Non-vault XP
 B = Vault XP
 C = Vault XP percentage of total XP
 D = Non-vault monster count
 E = Vault monster count
 F = Vault count percentage of total count
                 A         B        C        D         E       F
            +---------+---------+-------+---------+---------+-------
      Total |   14713 |    6312 |  30.0 |     215 |      68 |  24.0
            +---------+---------+-------+---------+---------+-------
        D:1 |      52 |       0 |   0.0 |      32 |       0 |   0.0
        D:2 |      79 |       0 |   0.0 |      14 |       0 |   0.0
        D:3 |      61 |       0 |   0.0 |      12 |       0 |   0.0
        D:4 |     401 |       0 |   0.0 |      20 |       0 |   0.0
        D:5 |     943 |      41 |   4.2 |      15 |       1 |   6.2
        D:6 |    2296 |       0 |   0.0 |      20 |       0 |   0.0
        D:7 |     649 |     582 |  47.3 |      13 |       5 |  27.8
        D:8 |    2103 |       0 |   0.0 |      31 |       0 |   0.0
        D:9 |    2725 |    1183 |  30.3 |      24 |      36 |  60.0
       D:10 |    3577 |       0 |   0.0 |      20 |       0 |   0.0
       D:11 |     801 |    4201 |  84.0 |       7 |      13 |  65.0
     Lair:1 |    1026 |       0 |   0.0 |       7 |       0 |   0.0
    Ossuary |       0 |     305 | 100.0 |       0 |      13 | 100.0
            +---------+---------+-------+---------+---------+-------

Illustrated notes

Table legend:
 A = Kills in this place as a percentage of kills in entire the game.
 B = Kills by you in this place as a percentage of kills by you in the entire game.
 C = Kills by friends in this place as a percentage of kills by friends in the entire game.
 D = Other kills in this place as a percentage of other kills in the entire game.
 E = Experience gained in this place as a percentage of experience gained in the entire game.
 F = Experience gained in this place divided by the number of levels of this place that you have seen.
                   A       B       C       D       E      F
               +-------+-------+-------+-------+-------+----------------------
         Total | 100.0 | 100.0 |   N/A |   N/A | 100.0 | 1617.3
       Dungeon |  92.9 |  92.9 |   N/A |   N/A |  93.7 | 1790.4
          Lair |   2.5 |   2.5 |   N/A |   N/A |   4.9 | 1026.0
       Ossuary |   4.6 |   4.6 |   N/A |   N/A |   1.5 | 305.0
               +-------+-------+-------+-------+-------+----------------------

Table legend: (Time is in decaauts)
 A = Elapsed time spent in this place.
 B = Non-inter-level travel time spent in this place.
 C = Inter-level travel time spent in this place.
 D = Time resting spent in this place.
 E = Time spent auto-exploring this place.
 F = Levels seen in this place.
 G = Mean time per level.
                   A        B        C        D        E       F      G
               +--------+--------+--------+--------+--------+-----+--------+
         Total |  11019 |  10441 |    578 |    693 |   6857 |  13 |  847.6 |
       Dungeon |  10310 |   9743 |    567 |    583 |   6559 |  11 |  937.3 |
          Lair |    450 |    440 |     10 |    110 |    199 |   1 |  450.0 |
       Ossuary |    259 |    259 |      0 |      0 |     99 |   1 |  259.0 |
               +--------+--------+--------+--------+--------+-----+--------+

Top non-repeatable levels by time:
     D:8: 1685 daAuts
     D:9: 1593 daAuts
     D:6: 1311 daAuts
     D:5: 981 daAuts
    D:10: 852 daAuts
     D:4: 845 daAuts
     D:7: 793 daAuts
     D:1: 734 daAuts
     D:2: 524 daAuts
    D:11: 496 daAuts
     D:3: 490 daAuts
  Lair:1: 450 daAuts
 Ossuary: 259 daAuts
